 Dungeon Crawl Stone Soup version 0.31-a0-986-g5e6e4ef867 (webtiles) character file.

Game seed: 14100366402936770986

121 wildpjah the Slasher (level 4, 0/37 HPs)
             Began as a Demonspawn Gladiator on Nov 18, 2023.
             Slain by a gnoll sergeant
             ... wielding a +2 spear of freezing
              (12 damage)
             ... on level 3 of the Dungeon.
             The game lasted 00:06:06 (2525 turns).

wildpjah the Slasher (Demonspawn Gladiator)         Turns: 2525, Time: 00:06:07

Health: 0/37       AC:  4    Str: 23    XL:     4   Next: 77%
Magic:  4/4        EV: 12    Int:  9    God:
Gold:   191        SH:  0    Dex: 14    Spells: 3/3 levels left

rFire   + . .        o - +7 short sword "Seop" {flame, *Noise Fragile Str+8 Stlth+}
rCold   . . .        (no shield)
rNeg    . . .        b - +0 leather armour
rPois   .            (helmet restricted)
rElec   .            (no cloak)
rCorr   .            c - +0 pair of gloves
SInv    .            (no boots)
Will    .....        (no amulet)
Stlth   ++           (no ring)
HPRegen 0.26/turn    (no ring)
MPRegen 0.09/turn

%: no passive effects
@: hasted, very quick
A: antennae 1, hooves 1, powered by pain 1, clumsy 1, fire resistance 1, robust
1
a: no special abilities


You were on level 3 of the Dungeon.
You visited 1 branch of the dungeon, and saw 3 of its levels.

You collected 191 gold pieces.

Inventory:

Hand Weapons
 a - a +0 long sword
 e - a +2 short sword of venom
 o - the +7 short sword "Seop" (weapon) {flame, *Noise Fragile Str+8 Stlth+}
   (You found it on level 2 of the Dungeon)

   Str+8:     It affects your strength (+8).
   *Noise:    It may make a loud noise when swung.
   Fragile:   It will be destroyed if unequipped.
   Stlth+:    It makes you more stealthy.
 t - a +0 short sword of freezing
Missiles
 d - 3 throwing nets
 s - a javelin
Armour
 b - a +0 leather armour (worn)
 c - a +0 pair of gloves (worn)
Scrolls
 g - 4 scrolls of teleportation {unknown}
 i - a scroll of vulnerability {unknown}
 j - 3 scrolls of immolation {unknown}
 l - a scroll of revelation {unknown}
 p - a scroll of summoning {unknown}
 q - a scroll of blinking {unknown}
 u - 3 scrolls of torment {unknown}
Potions
 f - a potion of curing
 m - 2 potions of mutation
 n - a potion of enlightenment {unknown}
 r - a potion of resistance {unknown}


   Skills:
 + Level 2.5 Fighting
 + Level 1.6(2.7) Short Blades
 + Level 3.3(3.5) Long Blades
 + Level 1.8 Throwing
 + Level 1.3 Armour
 + Level 3.1 Dodging
 + Level 1.1 Stealth


You had 3 spell levels left.
You didn't know any spells.
Your spell library was empty.

Dungeon Overview and Level Annotations

Branches:
Dungeon (3/15)

Altars:

Shops:
D:3 !


Innate Abilities, Weirdness & Mutations

You have a pair of small antennae on your head.
You have large cloven feet.
You sometimes gain a little power by taking damage.
You are clumsy. (Dex -2)
Your flesh is heat resistant. (rF+)
You are robust. (+10% HP)


Message History

You barely miss the gnoll.
The gnoll is heavily wounded.
The gnoll closely misses you.
The gnoll hits you from afar with a +0 spear.
The gnoll hits you from afar with a +0 halberd!
You puncture the gnoll! You burn the gnoll.
You kill the gnoll!
The gnoll misses you. The gnoll barely misses you.
The gnoll closely misses you. The gnoll hits you with a +0 spear.
You puncture the gnoll! You burn the gnoll.
You kill the gnoll!
The gnoll hits you with a +0 spear.
* * * LOW HITPOINT WARNING * * *
You puncture the gnoll! You burn the gnoll. You kick the gnoll.
You kill the gnoll!
You feel a little less mighty now.
d - 3 throwing nets (gained 1)
You see here a +0 hand axe.
Found a hand axe.
You see here a +0 hand axe.
The gnoll sergeant shouts!
You now have 191 gold pieces (gained 16).
A gnoll sergeant is nearby!
Press: ? - help, v - describe, . - travel
Here: a gnoll sergeant, wielding a +2 spear of freezing and wearing a +0 ring mail An open door.
The gnoll sergeant hits you with a +2 spear of freezing!
The gnoll sergeant freezes you.
You hit the gnoll sergeant. You burn the gnoll sergeant.
You kick the gnoll sergeant, but do no damage.
The gnoll sergeant is lightly wounded.
The gnoll sergeant hits you with a +2 spear of freezing.
The gnoll sergeant freezes you.
Okay, then.
It was a potion of mutation.
You feel extremely strange.
You feel resistant to heat.
You feel clumsy.
You feel robust. The gnoll sergeant barely misses you.
It was a potion of haste.
You feel yourself speed up.
The gnoll sergeant hits you with a +2 spear of freezing!
You die...

.######.###.###.#
########..# ........#
#.# ♣.♣ #..#
.######## #.#♣♣.♣♣
########..# .#
###♣..)♣ .......)..#
.# ♣♣)..♣♣
..........# .#
♣.....♣ ......)....
.# ♣♣)).♣.♣♣
........... .#
♣♣..♣....♣♣
.......[... .#
#####♣.....@..)♣
........>##
.#####...#♣.###g###.♣
..<........
.....†...#♣.#..... .♣
.........##
######...#♣)#.....#.♣
.........##
##.##♣♣#..)..#♣♣
#.......... #..#
###.### ..#########
#### ## ##


You could see a gnoll sergeant.

Vanquished Creatures
  Robin (D:3)
  3 gnolls (D:3)
  An adder (D:2)
  A dart slug (D:3)
  An orc (D:3)
  5 endoplasms
  13 goblins
  11 hobgoblins
  4 jackals (D:3)
  3 quokkas (D:3)
  6 ball pythons
  2 bats (D:1)
  3 frilled lizards
  3 kobolds
  6 rats
63 creatures vanquished.

Notes
Turn   | Place    | Note
-------+----------+-------------------------------------------
     0 | D:1      | wildpjah the Demonspawn Gladiator began the quest for the
                  | Orb.
     0 | D:1      | Reached XP level 1. HP: 16/16 MP: 1/1
   328 | D:1      | Gained mutation: You sometimes gain a little power by
                  | taking damage. [demonic ancestry]
   328 | D:1      | Reached XP level 2. HP: 21/22 MP: 2/2
  1007 | D:2      | Discovered your monstrous ancestry.
  1007 | D:2      | Gained mutation: You have a pair of small antennae on your
                  | head. [demonic ancestry]
  1007 | D:2      | Reached XP level 3. HP: 10/28 MP: 3/3
  1266 | D:2      | Identified the +7 short sword "Seop" {flame, *Noise Fragile
                  | Str+8 Stlth+}
  1697 | D:3      | Found Lenuyloo's Distillery.
  1824 | D:3      | Noticed Robin
  1857 | D:3      | Killed Robin
  1858 | D:3      | Reached skill level 1 in Armour
  1858 | D:3      | Reached skill level 1 in Stealth
  1858 | D:3      | Gained mutation: You have large cloven feet. [demonic
                  | ancestry]
  1858 | D:3      | Reached XP level 4. HP: 10/34 MP: 4/4
  2153 | D:3      | Reached skill level 1 in Short Blades
  2495 | D:3      | Noticed a gnoll sergeant
  2495 | D:3      | Found the +5 woodcutter's axe
  2524 | D:3      | Gained mutation: Your flesh is heat resistant. (rF+)
                  | [potion of mutation]
  2524 | D:3      | Gained mutation: You are clumsy. (Dex -2) [potion of
                  | mutation]
  2524 | D:3      | Gained mutation: You are robust. (+10% HP) [potion of
                  | mutation]
  2525 | D:3      | Slain by a gnoll sergeant

Illustrated notes

Levels and vault maps discovered:
D:1:      erik_arrival_triangle_huge, layout_loops_ring, columned_hall_lemuel
D:2:      layout_loops_ring
D:3:      layout_loops_ring, tso_altar, serial_shops, shop,
          dreamdust_wishing_well, minmay_misc_feat_diagonals,
          pf_guarded_unrand_woodcutter, uniq_robin

Skill      XL: |  1  2  3  4 |
---------------+-------------+-----
Dodging        | 3 |  3.1
Long Blades    | 3 |  3.3
Armour         | 1 |  1.3
Stealth        | 1 |  1.1
Short Blades   | 1 |  1.6
Fighting       | |  2.5
Throwing       | |  1.8

Action                     |  1- 3 |  4- 6 || total
---------------------------+-------+-------++-------
  Melee: Long sword        |    71 |       ||    71
         Short sword       |    36 |    25 ||    61
         Kick              |       |     3 ||     3
  Throw: Throwing net      |     3 |       ||     3
         Javelin           |     1 |       ||     1
    Use: Potion            |     1 |     3 ||     4
   Stab: Sleeping          |     6 |     4 ||    10
         Distracted        |       |     2 ||     2
 Armour: Leather armour    |    52 |    13 ||    65
  Dodge: Dodged            |    57 |    17 ||    74

Table legend: (Time is in decaauts)
 A = Elapsed time spent in this place.
 B = Non-inter-level travel time spent in this place.
 C = Inter-level travel time spent in this place.
 D = Time resting spent in this place.
 E = Time spent auto-exploring this place.
 F = Levels seen in this place.
 G = Mean time per level.
                   A        B        C        D        E       F      G
               +--------+--------+--------+--------+--------+-----+--------+
         Total |   2536 |   2503 |     33 |     85 |   1984 |   3 |  845.3 |
       Dungeon |   2536 |   2503 |     33 |     85 |   1984 |   3 |  845.3 |
               +--------+--------+--------+--------+--------+-----+--------+

Top non-repeatable levels by time:
     D:1: 902 daAuts
     D:3: 848 daAuts
     D:2: 786 daAuts
